 Dungeon Crawl Stone Soup version 0.24.0-29-g8ce449bc06 (webtiles) character file.

Game seed: 17852090715746026660, levelgen mode: deterministic

186 Delamore the Chopper (level 5, -3/45 HPs)
             Began as a Hill Orc Fighter on Nov 15, 2019.
             Slain by an orc priest
             ... wielding a +0 trident
              (8 damage)
             ... on level 3 of the Dungeon.
             The game lasted 00:02:35 (1415 turns).

Delamore the Chopper (Hill Orc Fighter)             Turns: 1415, Time: 00:02:36

Health: -3/45      AC:  8    Str: 20    XL:     5   Next: 66%
Magic:  5/5        EV: 12    Int:  8    God:
Gold:   65         SH:  9    Dex: 15    Spells: 4/4 levels left

rFire    . . .     SeeInvis .   a - +0 war axe
rCold    . . .     Gourm    .   c - +0 shield
rNeg     . . .     Faith    .   b - +0 scale mail
rPois    .         Spirit   .   i - +0 helmet
rElec    .         Reflect  .   (no cloak)
rCorr    .         Harm     .   (no gloves)
MR       .....                  (no boots)
Stlth    +.........             (no amulet)
HPRegen  0.15/turn              (no ring)
MPRegen  0.09/turn              (no ring)

@: agile, berserk cooldown, slowed, very slow
A: no striking features
a: Convert to Beogh


You were on level 3 of the Dungeon.
You were not hungry.

You visited 1 branch of the dungeon, and saw 3 of its levels.

You collected 65 gold pieces.

Inventory:

Hand Weapons
 a - a +0 war axe (weapon)
Armour
 b - a +0 scale mail (worn)
 c - a +0 shield (worn)
 i - a +0 helmet (worn)
Wands
 m - a wand of digging (6)
Scrolls
 g - 3 scrolls of magic mapping {unknown}
 h - a scroll of teleportation {unknown}
 j - 3 scrolls of identify {unknown}
 k - a scroll of fog {unknown}
 l - a scroll of remove curse {unknown}
Potions
 d - a potion of might
 e - a potion of agility
Comestibles
 f - 3 rations
 o - a chunk of flesh


   Skills:
 - Level 3.6 Fighting
 + Level 7.5 Axes
 - Level 3.2 Armour
 - Level 3.2 Shields


You had 4 spell levels left.
You didn't know any spells.
Your spell library was empty.

Dungeon Overview and Level Annotations

Branches:
Dungeon (3/15)

Altars:


Message History

You closely miss the river rat. The orc priest closely misses you.
You block the river rat's attack.
You closely miss the river rat. You block the orc priest's attack.
You slash the river rat!
The river rat is severely wounded.
The river rat barely misses you. You block the orc priest's attack.
You slash the river rat!
You kill the river rat!
The orc priest casts a cantrip, but nothing happens.
There is an open door, spattered with blood here.
Items here: $ )) = [[ †††† You barely miss the orc priest.
You are no longer berserk.
You are exhausted.
You feel yourself slow down. You block the orc priest's attack.
You slash the orc priest!
The orc priest is severely wounded.
The orc priest closely misses you.
The orc priest hits you with a +0 trident!
You die...

##.....#...≈
##...........
###...........≈
.'...........≈
#..........
#.......#
#..)..# #..o#
##@## #.# #.#
##.## # ##...##
#.. #.....#
.....##...###...
................
.....###.####..


You could see an orc priest.

Vanquished Creatures
  A jelly (D:3)
  An orc wizard (D:3)
  5 adders
  3 river rats (D:3)
  2 worms (D:3)
  A dart slug (D:1)
  3 orcs (D:3)
  A ball python (D:3)
  4 giant cockroaches
  6 goblins
  6 hobgoblins
  7 jackals
  2 bats
  5 frilled lizards
  4 kobolds
  2 rats
53 creatures vanquished.

Notes
Turn   | Place    | Note
-------+----------+-------------------------------------------
     0 | D:1      | Delamore the Hill Orc Fighter began the quest for the Orb.
     0 | D:1      | Reached XP level 1. HP: 19/19 MP: 1/1
    18 | D:1      | Reached skill level 3 in Axes
   124 | D:1      | Reached XP level 2. HP: 26/26 MP: 2/2
   135 | D:1      | Reached skill level 4 in Axes
   208 | D:1      | Reached XP level 3. HP: 25/31 MP: 3/3
   498 | D:2      | Reached skill level 5 in Axes
   962 | D:2      | Reached XP level 4. HP: 38/39 MP: 4/4
  1181 | D:3      | Reached skill level 6 in Axes
  1390 | D:3      | Reached XP level 5. HP: 15/45 MP: 5/5
  1398 | D:3      | Reached skill level 7 in Axes
  1415 | D:3      | Slain by an orc priest

Levels and vault maps discovered:
D:1:      roderic_crossed_star, layout_rooms
D:2:      layout_basic, first_ration
D:3:      layout_loops_corners, lightli_sewer_entry_pipes

Skill      XL: |  1  2  3  4  5 |
---------------+----------------+-----
Axes           | 3 4 5 6 7 |  7.5
Fighting       | |  3.6
Armour         | |  3.2
Shields        | |  3.2

Action                   |  1- 3 |  4- 6 || total
-------------------------+-------+-------++-------
Melee: War axe           |   111 |    64 ||   175
  Use: Potion            |       |     2 ||     2
  Eat: Chunk             |       |     2 ||     2
Armor: Scale mail        |    63 |    39 ||   102
Dodge: Dodged            |    31 |    31 ||    62
Block: Shield            |    85 |    41 ||   126
